 Dungeon Crawl Stone Soup version 0.31.0-12-g77e489cdc1 (webtiles) character file.

Game seed: 7888956699411301910

47 spaghetti the Chopper (level 3, -1/29 HPs)
             Began as a Demonspawn Fighter on Feb 19, 2024.
             Succumbed to an adder's poison
             ... on level 2 of the Dungeon.
             The game lasted 00:01:16 (1005 turns).

spaghetti the Chopper (Demonspawn Fighter)          Turns: 1005, Time: 00:01:17

Health: -1/29      AC:  4    Str: 17 (18) XL:     3   Next: 48%
Magic:  3/3        EV: 10    Int:  8 (10) God:
Gold:   59         SH:  4    Dex: 11 (12) Spells: 2/2 levels left

rFire   . . .        a - +0 war axe
rCold   + . .        c - +0 buckler
rNeg    . . .        g - +1 leather armour {rC+}
rPois   .            (helmet restricted)
rElec   .            (no cloak)
rCorr   .            (no gloves)
SInv    .            (no boots)
Will    .....        (no amulet)
Stlth   +            (no ring)
HPRegen 0.24/turn    (no ring)
MPRegen 0.08/turn

%: no passive effects
@: mighty, lethally poisoned (-1 -> -7)
A: antennae 1, big brain 1
a: no special abilities


You were on level 2 of the Dungeon.
You visited 1 branch of the dungeon, and saw 2 of its levels.

You collected 59 gold pieces.

Inventory:

Hand Weapons
 a - a +0 war axe (weapon)
Armour
 b - a +0 scale mail
 c - a +0 buckler (worn)
 g - a +1 leather armour of cold resistance (worn)
Jewellery
 h - a ring of fire
Scrolls
 f - a scroll of teleportation {unknown}
 i - a scroll of fog {unknown}
 j - a scroll of amnesia {unknown}


   Skills:
 - Level 3.0 Fighting
 + Level 3.6 Axes
 - Level 2.6 Armour
 - Level 2.6 Shields


You had 2 spell levels left.
You didn't know any spells.
Your spell library was empty.

Dungeon Overview and Level Annotations

Branches:
Dungeon (2/15)

Altars:

Shops:
D:2 =


Innate Abilities, Weirdness & Mutations

You have a pair of small antennae on your head.
You have an unusually large brain. (Int +2)


Message History

You barely miss the adder.
The adder is moderately wounded.
You hit the adder. You hit the frilled lizard.
You kill the frilled lizard!
You feel sick. The adder bites you but does no damage. The adder bites you.
You are more poisoned.
The adder poisons you! The adder bites you but does no damage.
The adder closely misses you.
Unknown command.
Okay, then.
You closely miss the adder.
The adder is moderately wounded.
You closely miss the adder.
You feel sick. The adder bites you.
You are more poisoned.
The adder poisons you! You block the adder's attack.
The adder closely misses you.
Unknown command.
Unknown command.
You feel very mighty all of a sudden.
You feel very sick. The adder closely misses you. The adder barely misses you.
The adder bites you.
You slash the adder!
You kill the adder!
You barely miss the adder.
You feel sick. You block the adder's attack. The adder closely misses you.
You feel your strength returning.
You miss the adder.
The adder is lightly wounded.
You feel sick. The adder closely misses you.
You closely miss the adder.
The adder is lightly wounded.
You feel sick. The adder bites you.
* * * LOW HITPOINT WARNING * * *
You are lethally poisoned!
The adder poisons you! The adder bites you.
* * * LOW HITPOINT WARNING * * *
Unknown command.
You slash the adder!
You kill the adder!
You die...

.##.# ..#. #.#.
### #.. ##.. .>.
###...##.### #
........†..##.##
#......@...$...
#?.....†..##.##
#....$..#.....<
#.......#.####.
#.....$.# .
#......∩#.#.
###.......#.#
######.......# #
#............#


There were no monsters in sight!

Vanquished Creatures
  3 adders (D:2)
  A dart slug (D:2)
  2 endoplasms (D:1)
  A giant cockroach (D:1)
  4 goblins (D:1)
  2 hobgoblins
  2 jackals (D:1)
  3 kobolds (D:1)
  4 ball pythons (D:1)
  3 frilled lizards
  A rat (D:1)
26 creatures vanquished.

Notes
Turn   | Place    | Note
-------+----------+-------------------------------------------
     0 | D:1      | spaghetti the Demonspawn Fighter began the quest for the
                  | Orb.
     0 | D:1      | Reached XP level 1. HP: 18/18 MP: 1/1
   114 | D:1      | Gained mutation: You have an unusually large brain. (Int
                  | +2) [demonic ancestry]
   114 | D:1      | Reached XP level 2. HP: 24/24 MP: 2/2
   752 | D:2      | Found Emnic's Jewellery Boutique.
   768 | D:2      | HP: 1/24 [poisoned by an adder]
   773 | D:2      | Gained mutation: You have a pair of small antennae on your
                  | head. [demonic ancestry]
   773 | D:2      | Reached XP level 3. HP: 2/29 MP: 3/3
  1004 | D:2      | HP: 1/29 [adder (3)]
  1005 | D:2      | Succumbed to an adder's poison

Illustrated notes

Levels and vault maps discovered:
D:1:      psy_arrival_dodecagon, layout_basic
D:2:      layout_basic, serial_shops, shop, shop

Skill      XL: |  1  2 |
---------------+-------+-----
Axes           | 2 3 |  3.6
Fighting       | |  3.0
Armour         | |  2.6
Shields        | |  2.6

Action                     || total
---------------------------++-------
  Melee: War axe           ||    82
  Throw: Throwing net      ||     1
    Use: Potion            ||     4
 Armour: Scale mail        ||    19
         Leather armour    ||    45
  Dodge: Dodged            ||    51
  Block: Buckler           ||    24
